Map: King Sejong Station LE

Players

Semper - Winner!

  • Race: Terran Terran

Nerchio

  • Race: Zerg Zerg

Event: 2016 WCS Summer Circuit Championship (DH Montreal)

VOD

Have the link to the VOD?

Description

Time

  • Played on: Aug. 12, 2016, 6:01 p.m.
  • Length: 18:53

All games in this series

Show
View Real Time Build Order
Export as new Build Order

Semper Terran - Winner!

Build Orders: Liberator Opening, Reaper Expand, MMM Bio 

Get SALT Encoding   

  12  0:00  SCV  
  13  0:12  SCV  
  14  0:17  Supply Depot  
  14  0:24  SCV  
  14  0:27  Refinery  
  15  0:38  SCV  
  16  0:44  Barracks  
  16  0:50  SCV  
  17  1:02  SCV  
  18  1:15  SCV  
  19  1:31  Orbital Command  
  19  1:32  Reaper  
  20  1:43  Command Center  
  20  1:54  Factory  
  20  1:57  SCV  
  21  2:05  Barracks Reactor  
  21  2:07  Supply Depot  
  21  2:10  SCV  
  21  2:15  Refinery  
  22  2:22  SCV  
  23  2:34  SCV  
  24  2:47  Starport  
  24  2:48  SCV  
  25  2:53  Hellion x2  
  25  2:56  Orbital Command  
  25  2:57  Barracks Tech Lab  
  29  3:01  SCV  
  30  3:13  SCV  
  30  3:17  Refinery  
  31  3:21  SCV  
  31  3:24  Hellion x2  
  31  3:26  Liberator  
  36  3:30  Fusion Core, Marine  
  36  3:31  SCV  
  38  3:40  SCV  
  39  3:41  Supply Depot  
  39  3:45  SCV  
  39  3:48  Marine  
  43  3:52  SCV  
  45  4:00  SCV  
  46  4:03  Hellion x2  
  46  4:09  SCV  
  51  4:11  Supply Depot  
  51  4:15  Liberator  
  51  4:17  Barracks Tech Lab  
  51  4:18  SCV  
  51  4:19  Advanced Ballistics  
  51  4:21  SCV  
  53  4:30  SCV  
  54  4:36  Factory Reactor  
  54  4:37  Supply Depot, SCV  
  58  4:43  Marauder  
  60  4:46  Bunker  
  59  4:53  SCV  
  60  5:01  SCV  
  60  5:02  Supply Depot, Barracks  
  60  5:03  Barracks  
  60  5:06  SCV  
  62  5:09  Liberator  
  62  5:15  SCV  
  62  5:19  Command Center  
  63  5:24  SCV  
  63  5:28  Marine  
  67  5:29  Stimpack  
  67  5:32  SCV  
  69  5:36  SCV  
  69  5:38  Factory Tech Lab  
  70  5:46  Marine  
  70  5:48  SCV  
  72  5:52  Marine x2  
  72  5:54  SCV  
  75  5:57  Engineering Bay, Barracks  
  75  6:00  Engineering Bay  
  75  6:02  Barracks, Siege Tank  
  78  6:08  Marine  
  77  6:15  Marine  
  78  6:23  Starport Reactor, Marine  
  78  6:24  SCV  
  78  6:27  Terran Infantry Armor Level 1, Supply Depot, Terran Infantry Weapons Level 1  
  78  6:29  Supply Depot  
  78  6:30  Marine  
  78  6:31  Marauder, SCV  
  82  6:33  Orbital Command, Refinery  
  82  6:34  Siege Tank  
  85  6:50  SCV  
  85  6:52  Marine x4, Marauder  
  85  6:53  Barracks Tech Lab, Barracks Reactor  
  92  6:58  Supply Depot  
  92  7:00  Supply Depot  
  92  7:05  SCV  
  92  7:07  Siege Tank  
  93  7:11  Marine x5  
  93  7:13  Orbital Command  
  93  7:15  Medivac  
  97  7:17  SCV  
  97  7:19  SCV  
  99  7:23  Marauder  
  99  7:25  Medivac  
  99  7:29  Marine, SCV  
  105  7:32  SCV  
  105  7:36  Armory  
  106  7:39  SCV  
  106  7:41  SCV  
  106  7:42  Combat Shields  
  108  7:46  Siege Tank  
  108  7:47  Medivac  
  108  7:48  SCV  
  114  7:52  Marine  
  114  7:53  Supply Depot, SCV  
  114  7:54  Marine  
  117  8:02  Medivac  
  117  8:03  SCV x2  
  118  8:05  Refinery  
  118  8:06  Refinery  
  118  8:07  Marine  
  118  8:08  Supply Depot, Marauder  
  121  8:17  Medivac  
  123  8:20  Marine x2, Marauder  
  123  8:25  SCV x3  
  130  8:30  Supply Depot  
  130  8:32  Medivac  
  132  8:37  SCV  
  132  8:40  Marine  
  132  8:41  Marauder  
  134  8:47  Marine  
  134  8:48  Siege Tank, Marauder  
  123  8:49  Marine  
  123  8:51  Marine  
  123  8:53  Medivac  
  123  8:54  SCV x2  
  123  8:55  SCV  
  118  9:00  Marine  
  118  9:02  Marauder  
  119  9:06  Medivac, SCV  
  119  9:07  SCV x2  
  119  9:09  Marauder  
  126  9:13  Marine  
  127  9:18  Terran Infantry Weapons Level 2, SCV  
  127  9:19  SCV x2  
  127  9:21  Siege Tank  
  127  9:23  Medivac  
  127  9:24  Marauder  
  137  9:25  Marine x3  
  137  9:30  Marauder, SCV  
  137  9:31  SCV x2  
  145  9:36  Supply Depot x2  
  144  9:39  Terran Infantry Armor Level 2  
  144  9:42  SCV  
  144  9:43  Concussive Shells, SCV x2  
  144  9:44  Marine  
  144  9:45  Marauder  
  150  9:52  Marine, Marauder  
  147  9:54  SCV  
  147  9:55  SCV x2  
  147  9:58  Marine x2  
  147  9:59  Marine x2  
  152  10:02  Marine  
  152  10:06  Marauder  
  155  10:10  Marine  
  155  10:11  Supply Depot x2  
  155  10:13  Marine  
  157  10:16  Marine  
  157  10:17  Command Center  
  158  10:26  Terran Ship Weapons Level 1  
  158  10:27  Barracks  
  158  10:28  Barracks, Marauder  
  157  10:44  Marine  
  157  10:45  Marauder  
  157  10:49  Marine  
  163  10:50  Marauder  
  163  10:52  Siege Tank  
  163  10:54  Marine  
  167  11:02  Marine  
  168  11:06  Marauder  
  168  11:09  Marine x2  
  154  11:11  Marauder  
  154  11:15  Marine x3  
  154  11:17  Barracks Tech Lab  
  154  11:18  Barracks Tech Lab, Starport  
  147  11:19  Supply Depot, Barracks  
  147  11:20  Marine  
  144  11:27  Marine x2, Marauder  
  144  11:28  Siege Tank  
  151  11:32  Marauder  
  151  11:33  Marine x3  
  151  11:39  Liberator  
  99  11:40  Liberator  
  143  11:41  Marine  
  143  11:46  Marine  
  145  11:49  Marauder  
  145  11:50  Marine  
  145  11:52  Marine  
  145  11:53  Marine x2  
  153  11:54  Marauder  
  153  11:56  Marauder x2  
  153  11:59  Marine  
  164  12:02  Terran Infantry Weapons Level 3  
  164  12:03  Marine  
  164  12:08  Marine  
  164  12:09  Marine  
  164  12:10  Marauder  
  164  12:13  Liberator  
  164  12:15  Terran Infantry Armor Level 3, Marauder  
  170  12:25  Planetary Fortress  
  170  12:31  Sensor Tower  
  170  12:32  Barracks Tech Lab, Marine  
  170  12:33  Marauder  
  176  12:39  Medivac x2  
  176  12:42  Starport  
  180  12:50  Marine  
  180  12:51  Marauder  
  183  12:52  Liberator  
  183  12:56  Liberator  
  181  13:06  Refinery x2  
  181  13:09  Medivac  
  181  13:12  Command Center  
  168  13:20  Medivac  
  168  13:22  Liberator  
  163  13:36  Marauder x4  
  173  13:41  Ghost Academy  
  173  13:45  Marine x2  
  173  13:46  Marauder  
  177  13:53  Starport Reactor  
  177  13:57  Marauder  
  179  14:12  Liberator x2, Ghost x4  
  179  14:13  Liberator  
  179  14:14  Liberator  
  196  14:34  Liberator  
  184  14:50  Marine x3, Ghost  
  184  14:51  Marine, Marauder x2  
  192  14:55  Liberator  
  192  14:59  Marine x4  
  175  15:08  Marine x4  
  175  15:12  Marine, Marauder  
  187  15:17  Marine x2  
  187  15:18  Marine, Marauder x2  
  186  15:26  Supply Depot  
  186  15:27  Supply Depot  
  186  15:28  Supply Depot  
  183  15:45  Liberator  
  183  15:46  Marauder  
  183  15:47  Marine x4, Medivac  
  183  15:48  Marauder x2  
  189  15:53  Ghost x2  
  189  15:55  Planetary Fortress  
  189  15:56  Liberator  
  193  15:57  Marine  
  193  15:58  Marine  
  197  16:05  Marine  
  197  16:08  Marauder  
  198  16:19  Ghost  
  197  16:29  Orbital Command  
  197  16:38  Marine  
  197  16:39  Marauder  
  200  16:44  Refinery, SCV  
  200  16:45  Refinery  
  200  16:49  Command Center  
  200  17:09  Marine x3  
  177  18:02  Orbital Command  
  177  18:04  Command Center, Supply Depot  
  177  18:05  Supply Depot  
  170  18:26  Marine x3, Marauder  
  180  18:27  Marauder  
  180  18:31  Marine x2  
  180  18:32  Marine  
Show
View Real Time Build Order
Export as new Build Order

Nerchio Zerg 

Build Orders: Hatch First 

Get SALT Encoding   

  12  0:00  Drone  
  13  0:12  Overlord  
  13  0:17  Drone  
  14  0:30  Drone x2  
  14  0:34  Drone  
  17  0:52  Hatchery  
  17  0:54  Drone  
  17  0:57  Drone  
  17  1:02  Extractor  
  17  1:13  Spawning Pool  
  17  1:16  Drone  
  17  1:20  Drone  
  18  1:28  Drone  
  19  1:38  Overlord  
  19  1:49  Drone  
  20  2:00  Queen  
  22  2:02  Metabolic Boost  
  22  2:03  Queen  
  22  2:04  Zergling x2  
  22  2:08  Zergling x2  
  26  2:11  Drone  
  26  2:15  Drone  
  28  2:22  Drone  
  29  2:25  Drone  
  30  2:40  Drone, Hatchery  
  30  2:44  Drone x2  
  29  2:48  Drone  
  31  2:54  Queen  
  31  2:57  Drone  
  34  3:01  Overlord  
  34  3:05  Drone  
  35  3:20  Drone x7  
  35  3:26  Roach Warren  
  41  3:29  Overlord  
  41  3:33  Zergling x2  
  42  3:35  Zergling x2  
  43  3:45  Overlord  
  43  3:46  Queen  
  43  3:48  Zergling x6  
  48  3:59  Overlord  
  48  4:10  Roach x6  
  48  4:15  Overlord  
  48  4:16  Overlord  
  60  4:17  Evolution Chamber  
  60  4:21  Drone x2  
  60  4:22  Drone  
  60  4:24  Drone  
  63  4:25  Drone  
  63  4:29  Spore Crawler  
  63  4:32  Drone  
  63  4:33  Drone  
  63  4:37  Lair  
  65  4:38  Drone  
  65  4:40  Drone  
  67  4:47  Spore Crawler  
  67  4:49  Spore Crawler  
  67  4:52  Drone x4  
  68  4:54  Drone  
  68  5:03  Drone x2  
  68  5:04  Drone x3  
  73  5:08  Overlord  
  72  5:16  Queen x2  
  72  5:20  Extractor  
  72  5:21  Extractor, Drone  
  74  5:22  Drone x2  
  74  5:25  Drone x2  
  74  5:26  Drone  
  80  5:29  Drone x2  
  80  5:32  Extractor  
  80  5:34  Drone x4  
  85  5:39  Glial Reconstitution  
  85  5:41  Drone x2  
  87  5:43  Overlord  
  85  5:50  Roach x2  
  85  6:06  Nydus Network  
  85  6:09  Roach x3  
  87  6:21  Zergling x16  
  87  6:24  Extractor, Overlord  
  93  6:38  Roach  
  93  6:39  Hatchery, Roach  
  94  6:45  Ravager x4  
  98  6:58  Drone x5  
  102  7:08  Extractor  
  101  7:09  Infestation Pit  
  101  7:11  Drone x4  
  100  7:15  Overlord  
  100  7:18  Overseer  
  99  7:32  Drone x4  
  99  7:36  Overlord  
  102  7:38  Drone  
  102  7:39  Drone  
  102  7:42  Drone  
  105  7:48  Infestor  
  105  7:49  Infestor  
  109  7:57  Overlord  
  109  7:58  Evolution Chamber  
  108  8:03  Zergling x8  
  108  8:04  Zergling x2  
  113  8:10  Roach x3  
  119  8:14  Roach  
  119  8:15  Roach  
  119  8:17  Roach  
  119  8:18  Roach  
  127  8:21  Roach x2  
  127  8:26  Overlord x2  
  131  8:28  Drone x2  
  131  8:37  Roach x3  
  131  8:38  Overlord  
  131  8:41  Roach  
  131  8:46  Roach x2  
  131  8:47  Roach  
  132  8:49  Roach  
  132  8:51  Roach  
  132  8:53  Overlord  
  136  8:58  Drone x4  
  136  9:00  Overlord  
  138  9:04  Zerg Missile Weapons Level 1  
  138  9:08  Zerg Ground Armor Level 1  
  134  9:10  Drone x2  
  134  9:11  Drone  
  134  9:14  Ravager x2  
  139  9:17  Drone  
  139  9:18  Drone x4  
  139  9:21  Ravager  
  145  9:26  Roach  
  145  9:27  Roach  
  151  9:31  Roach x2  
  151  9:35  Overlord  
  153  9:42  Roach x5  
  153  9:43  Roach  
  153  9:44  Overlord  
  163  9:54  Roach  
  163  9:55  Roach  
  163  9:57  Overlord x2  
  163  9:58  Ravager x2, Overlord  
  163  9:59  Overlord  
  167  10:01  Overlord  
  167  10:06  Hive  
  167  10:08  Queen  
  171  10:21  Roach x7  
  171  10:22  Roach x2  
  187  10:30  Roach x5  
  197  10:39  Spore Crawler x2  
  197  10:40  Drone x3  
  197  10:41  Drone x2  
  189  10:50  Roach x6  
  180  11:16  Roach x10  
  198  11:21  Drone  
  198  11:24  Lair  
  196  12:01  Hatchery x2  
  195  12:06  Infestor x2  
  198  12:26  Zerg Missile Weapons Level 2, Zerg Ground Armor Level 2  
  198  12:29  Hive  
  198  12:31  Drone x2  
  198  12:34  Extractor  
  199  12:38  Pneumatized Carapace  
  199  13:12  Overlord  
  199  13:21  Hatchery  
  198  13:31  Infestor x2  
  192  13:36  Drone x3  
  195  13:46  Spire  
  194  13:53  Roach Warren  
  193  13:57  Extractor  
  192  14:44  Hatchery  
  182  14:49  Roach x14  
  195  15:00  Infestor  
  195  15:01  Infestor  
  193  15:20  Hatchery, Ravager  
  193  15:21  Ravager x7  
  190  15:28  Overlord x2  
  182  15:41  Infestor x2  
  182  15:45  Overlord  
  182  15:47  Overlord  
  182  15:49  Hatchery  
  177  15:51  Roach x5  
  177  15:52  Roach x6  
  199  16:00  Drone  
  194  16:37  Overseer x2  
  187  16:46  Baneling Nest  
  186  16:51  Drone x9  
  183  17:19  Hatchery  
  174  17:28  Roach Warren  
  168  17:35  Roach x4  
  168  17:36  Roach x2  
  180  17:41  Roach Warren  
  175  17:44  Ravager  
  175  17:45  Ravager x3  
  160  18:08  Infestor x5  
  160  18:12  Ravager x14  
  164  18:40  Extractor  
Tags
 
Add a new tag
Caveats
  • Supply blocks, unpowered buildings, or Contaminate may cause inaccurate times.
  • Supply counts are checked every 10 seconds.